 Dungeon Crawl Stone Soup version 0.27-a0-1502-g47ed6a6988 (webtiles) character file.

Game seed: 14892134101617374591

24680 pokeman the Eclecticist (level 12, -3/68 HPs)
             Began as a Deep Elf Hedge Wizard on July 7, 2021.
             Was an Elder of Vehumet.
             Slain by a death knight (34 damage)
             ... on level 14 of the Dungeon on July 9, 2021.
             The game lasted 01:06:31 (18110 turns).

pokeman the Eclecticist (Deep Elf Hedge Wizard)    Turns: 18110, Time: 01:06:31

Health: -3/68      AC: 17    Str:  7    XL:     12   Next: 82%
Magic:  34/35      EV: 13    Int: 25    God:    Vehumet [****..]
Gold:   1645       SH:  0    Dex: 14    Spells: 7/45 levels left

rFire    + + .     SeeInvis .   m - staff of fire
rCold    x . .     Faith    .   (no shield)
rNeg     . . .     Spirit   .   p - +0 steam dragon scales
rPois    +         Reflect  .   D - +1 helmet
rElec    .         Harm     .   i - +1 cloak
rCorr    .         Rampage  .   L - +2 pair of gloves
Will     +....                  B - +2 pair of boots {Stlth+}
Stlth    +++.......             z - amulet of regeneration
HPRegen  1.21/turn              J - ring of poison resistance
MPRegen  0.24/turn              q - ring of fire

@: slowed, very slow
A: no striking features
a: Renounce Religion


You were on level 14 of the Dungeon.
You worshipped Vehumet.
Vehumet was greatly pleased with you.
You visited 2 branches of the dungeon, and saw 15 of its levels.
You also visited: Sewer.

You collected 1802 gold pieces.
You spent 157 gold pieces at shops.

Inventory:

Hand Weapons
 s - a +0 hand crossbow of electrocution
 M - a +0 shortbow
Missiles
 f - 392 arrows
 t - 26 bolts
Armour
 i - a +1 cloak (worn)
 p - +0 steam dragon scales (worn)
 B - a +2 pair of boots of stealth (worn)
 D - a +1 helmet (worn)
 L - a +2 pair of gloves (worn)
Magical Staves
 m - a staff of fire (weapon)
Jewellery
 h - a ring of see invisible
 j - an amulet of guardian spirit
 q - a ring of fire (right hand)
 z - an amulet of regeneration (around neck)
 C - a ring of protection from cold
 J - a ring of poison resistance (left hand)
 T - a ring of ice
Wands
 E - a wand of mindburst (2)
 F - a wand of acid (5)
Scrolls
 u - a scroll of blinking
 v - 8 scrolls of teleportation
 G - 5 scrolls of enchant weapon
Potions
 a - 10 potions of curing {unknown}
 b - 6 potions of lignification {unknown}
 c - 3 potions of ambrosia {unknown}
 d - 3 potions of flight {unknown}
 e - a potion of magic {unknown}
 g - 7 potions of degeneration {unknown}
 n - 4 potions of invisibility {unknown}
 o - 5 potions of heal wounds {unknown}
 r - 5 potions of haste {unknown}
 A - 3 potions of mutation {unknown}
 H - a potion of cancellation {unknown}
 N - 2 potions of might {unknown}
 P - 2 potions of resistance {unknown}
 S - 2 potions of attraction {unknown}
 V - a potion of brilliance {unknown}


   Skills:
 - Level 5.0 Fighting
 + Level 6.1 Armour
 - Level 3.0 Dodging
 - Level 3.0 Stealth
 * Level 17.2 Spellcasting
 + Level 10.7 Conjurations
 - Level 1.1 Summonings
 - Level 1.1 Translocations
 - Level 1.2 Transmutations
 + Level 10.2 Fire Magic
 - Level 1.2 Ice Magic
 - Level 1.0 Air Magic
 - Level 1.2 Earth Magic
 - Level 1.0 Poison Magic
 - Level 1.0 Evocations


You had 7 spell levels left.
You knew the following spells:

 Your Spells              Type           Power      Damage    Failure   Level
a - Magic Dart            Conj           100%       1d8       1%          1
b - Mephitic Cloud        Conj/Pois/Air  42%        N/A       1%          3
c - Call Imp              Summ           27%        N/A       2%          2
d - Blink                 Tloc           N/A        N/A       2%          2
e - Conjure Flame         Conj/Fire      100%       6-21      1%          3
f - Foxfire               Conj/Fire      100%       2x1d9     1%          1
g - Bolt of Magma         Conj/Fire/Erth 46%        4d19      1%          5
h - Passwall              Tmut/Erth      22%        N/A       2%          2
i - Swiftness             Air            26%        N/A       4%          3
j - Wereblood             Tmut           27%        N/A       2%          2
k - Stone Arrow           Conj/Erth      100%       3d13      1%          3
l - Starburst             Conj/Fire      52%        8x6d14    1%          6
m - Freezing Cloud        Conj/Ice/Air   21%        6-21      3%          5

Your spell library contained the following spells:

 Spells                   Type           Power      Damage    Failure   Level
 Beastly Appendage        Tmut           54%        N/A       1%          1
 Sting                    Tmut/Pois      100%       1d8       1%          1
 Poisonous Vapours        Pois/Air       52%        N/A       1%          2
 Ignite Poison            Fire/Tmut/Pois 76%        N/A       1%          3
 Fireball                 Conj/Fire      52%        3d20      1%          5
 Slow                     Hex            21%        N/A       3%          2
 Spider Form              Tmut/Pois      13%        N/A       4%          3
 Olgreb's Toxic Radiance  Pois           26%        N/A       4%          4
 Cause Fear               Hex            10%        N/A       24%         4
 Invisibility             Hex            10%        N/A       98%         6
 Dragon Form              Tmut           13%        N/A       100%        7
 Ignition                 Fire           52%        3d14      50%         8
 Dragon's Call            Summ           13%        N/A       100%        9
 Shatter                  Erth           13%        3d14*     100%        9


Dungeon Overview and Level Annotations

Branches:
Dungeon (14/15)            Temple (1/1) D:6            Lair (0/6) D:10
    Orc (0/2) D:12          Sewer (visited)
 Vaults: D:13-14

Altars:
Ashenzari
Cheibriados
Dithmenos
Elyvilon
Fedhas
Gozag
Hepliaklqana
Kikubaaqudgha
Makhleb
Nemelex Xobeh
Okawaru
Qazlal
Ru
Sif Muna
Trog
Uskayaw
Vehumet
Wu Jian
Xom
Yredelemnul
Zin
The Shining One
Beogh

Shops:
D:3 *   D:5 :*=:=   D:6 (

Annotations:
D:4 3 runed translucent doors, Laraso's ghost, amateur VSIE


Message History

The orc hits the orc knight with a +0 club.
The orc warrior is engulfed in noxious fumes.
The orc warrior appears confused.
The orc knight is engulfed in noxious fumes.
The orc knight appears confused.
The orc knight hits the orc with a +0 great sword!
The orc is killed!
Vehumet accepts your kill.
You feel your power returning.
The phantasmal warrior blinks!
The orc barely misses you.
The orc knight is engulfed in noxious fumes.
The orc knight hits you with a +0 great sword!
Unknown command.
The orc hits you but does no damage.
The orc warrior hits the orc with a +0 halberd.
The orc knight is engulfed in noxious fumes.
The orc knight appears confused.
The orc knight closely misses the skeletal warrior.
You see here a +0 club.
Unknown command.
The orc completely misses you.
A skeletal warrior comes into view. It is wielding a +0 short sword.
The wraith hits you. The wraith drains your vigour!
You feel yourself slow down.
The orc knight is engulfed in noxious fumes.
The orc knight appears confused.
The orc knight hits the phantasmal warrior with a +0 great sword!
The death knight shouts!
The orc hits the phantasmal warrior but does no damage.
The orc knight is engulfed in noxious fumes.
The orc knight appears confused.
The phantasmal warrior hits you!!
The orc barely misses the phantasmal warrior.
Unknown command.
Casting: Mephitic Cloud (safe; 1% risk of failure)
Confirm with . or Enter, or press ? or * to list all spells.
You blink.
The orc misses the skeletal warrior.
Unknown command.
The death knight hits you with a +2 great sword!!
Ouch! That really hurt!
You die...

*,,,,,,,,,,,,,,,,,,*
*,,,,,,,....,,,,,,,*
*,*****,#..#,*******
*,*,*,,,....,,,*,*
*,*,,**,#..#,**,,*
*,*,*,*,#..#,*,*,*
*,*,,*,*#..#*,*,,*
********,*,,,,,#..#,,,,,*
,,,,,,,,,#######@.#******
,,*******#.....p..# ,,,*
#....zW### ,,,* #.....W#
,,***###*##.....#
,,**,....##..o..#
,,p..z....z.o..o#
,,.......##....##
.........##.)..##


You could see a death knight, an orc knight (confused), 2 skeletal warriors, a
phantasmal warrior, a wraith, an orc warrior (confused) and an orc (confused).

Vanquished Creatures
  Harold (D:7)
  A centaur warrior (D:13)
  A hydra (D:11)
  A tengu warrior (D:13)
  The ghost of Orlauf the Cleaver, a novice DsGl of Okawaru (D:9)
  4 two-headed ogres
  2 orc high priests (D:10)
  A deep elf knight (D:10)
  A deep elf pyromancer (D:11)
  A cyclops (D:8)
  An unseen horror (shapeshifter) (D:14)
  4 kobold demonologists
  An unseen horror (D:11)
  A komodo dragon (D:10)
  A tengu conjurer (D:13)
  A komodo dragon (shapeshifter) (D:13)
  7 trolls
  A hornet (D:11)
  14 slime creatures
  2 shadows
  A water elemental (D:13)
  A vampire (D:11)
  A wraith (D:12)
  8 yaks (D:9)
  A golden eye (shapeshifter) (D:13)
  3 steam dragons
  Grum (D:9)
  A basilisk (D:13)
  2 vampire mosquitoes (D:12)
  2 acid dragons
  Duvessa (D:7)
  A water moccasin (D:8)
  5 orc warriors
  4 sky beasts
  5 ice beasts
  3 black bears
  4 necrophages
  An ogre (D:7)
  3 wolves (D:9)
  10 centaurs
  A phantom (D:5)
  3 bullfrogs
  4 kobold brigands (D:6)
  A wyvern zombie (D:7)
  3 scorpions
  Dowan (D:7)
  A hornet simulacrum (D:9)
  3 killer bees (D:10)
  9 wights
  An electric eel (D:8)
  4 howler monkeys
  2 jellies
  9 centaur zombies
  13 orc priests
  A gnoll shaman (D:7)
  A bullfrog skeleton (D:7)
  4 iguanas
  Ijyb (D:5)
  Terence (D:2)
  9 orc wizards
  A centaur simulacrum (D:9)
  A killer bee simulacrum (D:9)
  11 gnolls
  5 adders
  A shadow imp (D:6)
  3 white imps (D:9)
  An ufetubus (D:5)
  3 worms
  5 dart slugs
  32 orcs
  15 ball pythons
  5 endoplasms
  5 giant cockroaches
  8 goblins
  4 hobgoblins
  11 jackals
  16 kobolds
  4 quokkas
  7 bats
  4 frilled lizards
  5 rats
324 creatures vanquished.

Vanquished Creatures (collateral kills)
  A black bear (D:5)
  A necrophage (D:5)
2 creatures vanquished.

Vanquished Creatures (others)
  338 foxfires
  24 plants
362 creatures vanquished.

Grand Total: 688 creatures vanquished

Notes
Turn   | Place    | Note
-------+----------+-------------------------------------------
     0 | D:1      | pokeman the Deep Elf Hedge Wizard began the quest for the
                  | Orb.
     0 | D:1      | Reached XP level 1. HP: 10/10 MP: 7/7
   208 | D:1      | Reached XP level 2. HP: 6/15 MP: 6/9
   731 | D:1      | Reached skill level 5 in Spellcasting
   756 | D:1      | Reached XP level 3. HP: 20/20 MP: 0/11
   760 | D:1      | Learned a level 3 spell: Mephitic Cloud
   763 | D:1      | Learned a level 2 spell: Call Imp
   766 | D:1      | Learned a level 2 spell: Blink
   770 | D:1      | Learned a level 3 spell: Conjure Flame
  1299 | D:1      | Found a faded altar of an unknown god.
  1409 | D:2      | Noticed Terence
  1465 | D:2      | Killed Terence
  1466 | D:2      | Reached skill level 1 in Fighting
  1466 | D:2      | Reached skill level 1 in Armour
  1559 | D:2      | Reached XP level 4. HP: 25/25 MP: 8/13
  1859 | D:2      | Learned a level 3 spell: Stone Arrow
  2557 | D:3      | Found a stormy altar of Qazlal.
  2587 | D:3      | Found Meefi's Assorted Antiques.
  2717 | D:3      | Found a snail-covered altar of Cheibriados.
  2734 | D:3      | Found a glowing drain.
  2758 | Sewer    | Entered a sewer
  3092 | Sewer    | Reached skill level 6 in Spellcasting
  3092 | Sewer    | Reached skill level 1 in Fire Magic
  3092 | Sewer    | Reached XP level 5. HP: 28/29 MP: 10/15
  4155 | D:3      | Reached skill level 1 in Air Magic
  4345 | D:4      | Noticed an ice beast
  4348 | D:4      | Reached XP level 6. HP: 33/34 MP: 6/17
  4352 | D:4      | Noticed Laraso's ghost (amateur VSIE)
  4355 | D:4      | Found a runed translucent gate.
  4355 | D:4      | Found a runed translucent gate.
  4355 | D:4      | Found a runed translucent gate.
  4809 | D:3      | Killed an ice beast
  4810 | D:3      | Reached skill level 7 in Spellcasting
  4810 | D:3      | Reached skill level 1 in Earth Magic
  4949 | D:4      | Reached skill level 1 in Evocations
  5173 | D:4      | Reached skill level 1 in Poison Magic
  5245 | D:4      | Reached XP level 7. HP: 38/38 MP: 1/20
  5451 | D:4      | Learned a level 3 spell: Swiftness
  5454 | D:4      | Learned a level 2 spell: Passwall
  5512 | D:4      | Found a radiant altar of Vehumet.
  5512 | D:4      | Found a shadowy altar of Dithmenos.
  5519 | D:4      | Became a worshipper of Vehumet
  5591 | D:5      | Entered Level 5 of the Dungeon
  5622 | D:5      | Reached skill level 8 in Spellcasting
  5721 | D:5      | Found Okhlu Egag's Book Boutique.
  5729 | D:5      | Found a basalt altar of Yredelemnul.
  5761 | D:5      | Reached skill level 1 in Transmutations
  5834 | D:5      | Found Opehots's Assorted Antiques.
  5845 | D:5      | Bought a glowing helmet for 127 gold pieces
  5845 | D:5      | Bought 2 lumpy yellow potions for 30 gold pieces
  6102 | D:5      | Found Qusico Quge's Book Shoppe.
  6157 | D:5      | Reached XP level 8. HP: 44/44 MP: 0/22
  6362 | D:5      | Found Kefuk's Jewellery Boutique.
  6426 | D:5      | Found Doamef's Jewellery Shop.
  6433 | D:5      | Reached skill level 9 in Spellcasting
  6515 | D:5      | Noticed Ijyb
  6524 | D:5      | Killed Ijyb
  6797 | D:6      | Found a staircase to the Ecumenical Temple.
  6967 | D:6      | Noticed a kobold demonologist
  6970 | D:6      | Reached skill level 5 in Conjurations
  6972 | D:6      | Reached * piety under Vehumet
  6972 | D:6      | Offered knowledge of Foxfire by Vehumet.
  7092 | D:6      | Upgraded the game from 0.27-a0-1500-g450c7e4133 to
                  | 0.27-a0-1502-g47ed6a6988
  7094 | D:6      | Reached skill level 10 in Spellcasting
  7094 | D:6      | Learned a level 1 spell: Foxfire
  7361 | D:6      | Found Banyodgh's Weapon Boutique.
  7709 | D:6      | Reached XP level 9. HP: 48/48 MP: 12/25
  7834 | D:6      | Noticed a hellwing
  7836 | D:6      | Killed a kobold demonologist
  7954 | D:7      | Noticed Duvessa
  7954 | D:7      | Noticed Dowan
  7967 | D:7      | Killed Dowan
  7970 | D:7      | Killed Duvessa
  7971 | D:7      | Reached skill level 11 in Spellcasting
  8069 | D:7      | Reached skill level 5 in Fire Magic
  8764 | D:7      | Found a burning altar of Makhleb.
  8948 | D:7      | You fall into a shaft and drop 1 floor!
  8948 | D:8      | Found an ornate altar of the Wu Jian Council.
  9001 | D:8      | Reached ** piety under Vehumet
  9001 | D:8      | Offered knowledge of Searing Ray by Vehumet.
  9266 | D:8      | Learned a level 2 spell: Wereblood
  9272 | D:8      | Learned a level 5 spell: Bolt of Magma
  9287 | D:8      | Reached skill level 12 in Spellcasting
  9449 | D:8      | Noticed a cyclops
  9457 | D:8      | Killed a cyclops
  9463 | D:8      | Reached XP level 10. HP: 54/54 MP: 10/28
 10444 | D:7      | Noticed Harold
 10458 | D:7      | Killed Harold
 10963 | Temple   | Entered the Ecumenical Temple
 11080 | D:9      | Found a shimmering altar of Xom.
 11270 | D:9      | Noticed Grum
 11281 | D:9      | Reached skill level 13 in Spellcasting
 11286 | D:9      | Killed Grum
 11304 | D:9      | Offered knowledge of Inner Flame by Vehumet.
 11445 | D:9      | Found a shimmering altar of Xom.
 11445 | D:9      | Found a shimmering altar of Xom.
 11553 | D:9      | Found a shimmering altar of Xom.
 11554 | D:9      | Found a shimmering altar of Xom.
 11554 | D:9      | Found a shimmering altar of Xom.
 11574 | D:9      | You fall into a shaft and drop 2 floors!
 11575 | D:11     | Noticed a two-headed ogre
 11589 | D:11     | Killed a two-headed ogre
 11685 | D:10     | Entered Level 10 of the Dungeon
 11845 | D:9      | Found a runed translucent gate.
 11846 | D:9      | Found a runed translucent gate.
 11847 | D:9      | Found a runed translucent gate.
 11865 | D:9      | Reached *** piety under Vehumet
 11876 | D:9      | Reached skill level 14 in Spellcasting
 11992 | D:9      | Noticed a two-headed ogre
 12001 | D:9      | Killed a two-headed ogre
 12002 | D:9      | Reached XP level 11. HP: 31/62 MP: 20/31
 12357 | D:9      | Noticed Orlauf's ghost (novice DsGl)
 12434 | D:9      | Killed Orlauf's ghost
 12700 | D:10     | Offered knowledge of Airstrike by Vehumet.
 12733 | D:10     | Noticed an orc high priest
 13026 | D:10     | Noticed a deep elf knight
 13028 | D:10     | Found a staircase to the Lair.
 13057 | D:10     | Found a transporter.
 13057 | D:10     | Found a transporter.
 13456 | D:10     | Noticed an orc high priest
 13498 | D:10     | Identified a scroll of acquirement
 13499 | D:10     | Acquired 795 gold pieces
 13529 | D:10     | Reached skill level 5 in Fighting
 13715 | D:10     | Identified the +1 chain mail of Squeaky the Leaf {Dex+6}
 14214 | D:10     | Reached skill level 15 in Spellcasting
 14214 | D:10     | Killed an orc high priest
 14217 | D:10     | Killed an orc high priest
 14227 | D:10     | Killed a deep elf knight
 14910 | D:11     | Noticed a deep elf pyromancer
 14914 | D:11     | Killed a deep elf pyromancer
 14915 | D:11     | Reached XP level 12. HP: 68/68 MP: 17/33
 15024 | D:11     | Noticed a seven-headed hydra
 15033 | D:11     | Killed a seven-headed hydra
 15328 | D:11     | Reached **** piety under Vehumet
 15421 | D:12     | Reached skill level 5 in Armour
 15568 | D:12     | Reached skill level 16 in Spellcasting
 15752 | D:12     | Reached skill level 10 in Conjurations
 15875 | D:12     | Learned a level 6 spell: Starburst
 16280 | D:12     | Found a staircase to the Orcish Mines.
 16289 | D:12     | Offered knowledge of Freezing Cloud by Vehumet.
 16297 | D:12     | Learned a level 5 spell: Freezing Cloud
 16606 | D:12     | Noticed a two-headed ogre
 16658 | D:12     | Killed a two-headed ogre
 16659 | D:12     | Reached skill level 1 in Ice Magic
 17339 | D:13     | Noticed a tengu warrior
 17339 | D:13     | Noticed a two-headed ogre
 17343 | D:13     | Killed a tengu warrior
 17345 | D:13     | Killed a two-headed ogre
 17482 | D:13     | Reached skill level 10 in Fire Magic
 17722 | D:13     | Reached skill level 17 in Spellcasting
 17775 | D:13     | Noticed a centaur warrior
 17783 | D:13     | Killed a centaur warrior
 18095 | D:14     | Noticed a death knight
 18110 | D:14     | Slain by a death knight

Illustrated notes

Levels and vault maps discovered:
D:1:      dpeg_arrival_rooms_b, layout_rooms,
          ebering_ecumenical_altar_sacrificial
D:2:      layout_basic, minmay_pentomino_w4, uniq_terence
D:3:      layout_basic, nicolae_overflow_crystal_walls,
          mainiacjoe_overflow_cross_hatched, serial_shops, shop_fountains,
          portal_sewer_entry_a, dk_noncrumbling_3, minmay_misc_feat_four_crosses
D:4:      layout_rooms, gammafunk_temple_overflow_pools,
          ebering_ghost_rock_garden
D:5:      layout_loops_ring, mainiacjoe_overflow_paths, serial_shops, shop,
          nicolae_shop_stone, nicolae_lakefront_shop, shop,
          nicolae_lakefront_shop, uniq_ijyb
D:6:      layout_loops_ring, temple_pool_b, serial_shops, shop,
          grunt_ministairs_3
D:7:      layout_basic, bloody_makhleb, kennysheep_decorative_pillar,
          grunt_ogre_cave, minmay_misc_feat_secret_circle, uniq_duvessa,
          uniq_harold
D:8:      layout_basic, nzn_wu_jian_contemplation, grunt_ministairs_2
D:9:      layout_big_octagon, xom_redecorated, gammafunk_ghost_icy, uniq_grum
D:10:     gammafunk_wand_slinger, layout_layer_cave, lair_entry_dummy,
          hangedman_misty_isle
D:11:     layout_loops_ring, kennysheep_big_empty_room
D:12:     layout_gridville, minmay_orc_entry_temple_small
D:13:     layout_rooms, minivault_4
D:14:     layout_gridville, hangedman_vaults_entry_quadrant_bands,
          gauntlet_entry_generic, nrook_campfire, corexii_corridor_pit
Temple:   eino_temple_lava

Skill      XL: |  1  2  3  4  5  6  7  8  9 10 11 12 |
---------------+-------------------------------------+-----
Spellcasting   | 5 6 7 8 10 12 14 15 17 | 17.2
Fighting       | 1 2 4 5 |  5.0
Armour         | 1 3 4 6 |  6.1
Conjurations   | 2 3 4 5 7 8 9 10 | 10.7
Fire Magic     | 1 2 4 6 7 9 10 | 10.2
Dodging        | 3 |  3.0
Air Magic      | 1 |  1.0
Stealth        | 3 |  3.0
Earth Magic    | 1 |  1.2
Evocations     | 1 |  1.0
Poison Magic   | 1 |  1.0
Transmutations | 1 |  1.2
Ice Magic      | 1 |  1.2
Summonings     | |  1.1
Translocations | |  1.1

Action                   |  1- 3 |  4- 6 |  7- 9 | 10-12 || total
-------------------------+-------+-------+-------+-------++-------
Melee: Dagger            |    18 |       |       |       ||    18
       Mace              |     2 |       |       |       ||     2
       Short sword       |       |    67 |    50 |       ||   117
       Trident           |       |       |    11 |       ||    11
       Staff             |       |       |       |    38 ||    38
 Fire: Hand crossbow     |       |    26 |       |       ||    26
 Cast: Magic Dart        |    76 |   145 |    45 |     2 ||   268
       Mephitic Cloud    |     1 |     4 |    26 |    22 ||    53
       Conjure Flame     |     1 |     7 |    16 |    27 ||    51
       Call Imp          |       |     6 |     8 |     5 ||    19
       Blink             |       |     3 |     2 |     9 ||    14
       Foxfire           |       |       |    66 |   119 ||   185
       Stone Arrow       |       |       |    33 |    54 ||    87
       Bolt of Magma     |       |       |       |    93 ||    93
       Freezing Cloud    |       |       |       |     2 ||     2
Evoke: Wand              |       |       |       |     1 ||     1
  Use: Scroll            |       |       |       |    16 ||    16
 Stab: Sleeping          |       |     3 |     1 |       ||     4
       Confused          |       |     3 |     5 |     1 ||     9
Armor: Robe              |     7 |    13 |       |       ||    20
       Leather armour    |       |    32 |    27 |    61 ||   120
       Steam dragon scal |       |       |       |    33 ||    33
Dodge: Dodged            |    28 |    65 |    70 |   132 ||   295

Table legend: (Time is in decaauts)
 A = Elapsed time spent in this place.
 B = Non-inter-level travel time spent in this place.
 C = Inter-level travel time spent in this place.
 D = Time resting spent in this place.
 E = Time spent auto-exploring this place.
 F = Levels seen in this place.
 G = Mean time per level.
                   A        B        C        D        E       F      G
               +--------+--------+--------+--------+--------+-----+--------+
         Total |  18311 |  17374 |    937 |   1542 |  12907 |  16 | 1144.4 |
       Dungeon |  17195 |  16264 |    931 |   1542 |  11979 |  14 | 1228.2 |
        Temple |     59 |     53 |      6 |      0 |      0 |   1 |   59.0 |
         Sewer |   1056 |   1056 |      0 |      0 |    928 |   1 | 1056.0 |
               +--------+--------+--------+--------+--------+-----+--------+

Top non-repeatable levels by time:
     D:8: 1742 daAuts
    D:12: 1639 daAuts
    D:10: 1631 daAuts
     D:7: 1626 daAuts
     D:1: 1413 daAuts
     D:9: 1355 daAuts
     D:2: 1352 daAuts
     D:5: 1270 daAuts
    D:11: 1242 daAuts
     D:6: 1213 daAuts
   Sewer: 1056 daAuts
     D:3: 1025 daAuts
     D:4: 912 daAuts
    D:13: 731 daAuts
  Temple: 59 daAuts
